 Dungeon Crawl Stone Soup version 0.26-a0-812-g31a745ddcd (webtiles) character file.

Game seed: 17915579705288323413

429 dickylongcocking the Caller (level 7, -4/42 HPs)
             Began as a Kobold Summoner on Nov 13, 2020.
             Was a Follower of Sif Muna.
             Slain by a lemure (7 damage)
             ... led by Pikel
             ... while paralysed by Pikel
             ... on level 5 of the Dungeon.
             The game lasted 00:06:26 (5423 turns).

dickylongcocking the Caller (Kobold Summoner)       Turns: 5423, Time: 00:06:27

Health: -4/42      AC:  6    Str:  6      XL:     7   Next: 19%
Magic:  10/10      EV:  3    Int: 17 (18) God:    Sif Muna [*.....]
Gold:   305        SH:  0    Dex: 15      Spells: 4/10 levels left

rFire    . . .     SeeInvis .   d - +0 dagger (drain)
rCold    . . .     Faith    +   (shield restricted)
rNeg     . . .     Spirit   .   l - +0 ring mail
rPois    .         Reflect  .   k - +0 helmet
rElec    .         Harm     .   (no cloak)
rCorr    .         Rampage  .   (no gloves)
MR       .....                  (no boots)
Stlth    +++.......             b - amulet of faith
HPRegen  0.14/turn              t - +4 ring of evasion
MPRegen  0.12/turn              (no ring)

@: paralysed, attractive, drained
A: small, nightstalker 3, MP-powered wands, sturdy frame 1
a: Channel Magic, Renounce Religion


You were on level 5 of the Dungeon.
You worshipped Sif Muna.
Sif Muna was aware of your devotion.
You visited 1 branch of the dungeon, and saw 5 of its levels.

You collected 305 gold pieces.

Inventory:

Hand Weapons
 d - a +0 dagger of draining (weapon)
 e - a +0 club
 f - a +1 dagger
Armour
 a - a +0 robe
 h - a +0 leather armour
 k - a +0 helmet (worn)
 l - a +0 ring mail (worn)
 m - a +0 robe
Jewellery
 b - an amulet of faith (around neck)
 c - an uncursed amulet of inaccuracy
 q - an uncursed amulet of the acrobat
 t - a +4 ring of evasion (left hand)
Scrolls
 g - 9 scrolls of identify {unknown}
 j - 5 scrolls of teleportation {unknown}
 o - 2 scrolls of amnesia {unknown}
 p - a scroll of magic mapping {unknown}
 r - 2 scrolls of random uselessness {unknown}
 s - a scroll of noise {unknown}
 v - a scroll of fog {unknown}
 w - a scroll of immolation {unknown}
 y - a scroll of remove curse
Potions
 i - 2 potions of curing
 n - a potion of heal wounds {unknown}
 x - a potion of ambrosia {unknown}


   Skills:
 * Level 3.9(3.2) Fighting
 * Level 4.5(3.8) Short Blades
 * Level 1.0(0.4) Armour
 - Level 2.5(1.8) Dodging
 - Level 2.8(2.1) Stealth
 * Level 2.4(1.7) Spellcasting
 * Level 5.6(4.9) Summonings


You had 4 spell levels left.
You knew the following spells:

 Your Spells              Type           Power        Failure   Level
a - Summon Small Mammal   Summ           ###.         5%          1
b - Call Imp              Summ           ###.....     8%          2
c - Call Canine Familiar  Summ           ###.....     16%         3

Your spell library contained the following spells:

 Spells                   Type           Power        Failure   Level
 Summon Guardian Golem    Hex/Summ       #.......     41%         3
 Summon Ice Beast         Ice/Summ       #.......     82%         4
 Summon Lightning Spire   Summ/Air       #.......     82%         4


Dungeon Overview and Level Annotations

Branches:
Dungeon (5/15)
 Temple: D:4-7

Altars:
Fedhas
Gozag
Hepliaklqana
Sif Muna
Uskayaw

Annotations:
D:5 Pikel


Innate Abilities, Weirdness & Mutations

You are small and have problems with some larger weapons.
You are completely attuned to the shadows.
You expend magic power (3 MP) to strengthen your wands.
Your movements are slightly less encumbered by armour. (ER -2)


Message History

The lemure is pulled toward you! x2
The lemure shouts!
Pikel zaps a wand.
You resist with some effort.
Pikel hits you with a +1 whip of freezing.
Pikel freezes you. The lemure hits you. The lemure is pulled toward you!
Pikel hits you with a +1 whip of freezing.
Pikel freezes you. The lemure hits you. The lemure hits you but does no damage.
Pikel hits you with a +1 whip of freezing.
Pikel freezes you. The lemure hits you but does no damage. The lemure hits you!
* * * LOW HITPOINT WARNING * * *
The lemure hits you.
* * * LOW HITPOINT WARNING * * *
The lemure barely misses you. Pikel hits you but does no damage.
The lemure hits you.
* * * LOW HITPOINT WARNING * * *
The lemure barely misses you. The lemure hits you.
* * * LOW HITPOINT WARNING * * *
The lemure hits you!
You die...

####
###.<##
#.....#
#....##
..#..##
..#5@5##
...5K5.#
..#..###
.##...#
#.....
##...5.
#.....


You could see Pikel and 4 lemures.

Vanquished Creatures
  A centaur (D:3)
  A bullfrog (D:4)
  An orc priest (D:4)
  2 worker ants (D:4)
  2 gnolls (D:4)
  2 adders
  An ooze (D:4)
  4 worms
  2 dart slugs
  2 leopard geckos
  3 orcs (D:4)
  5 giant cockroaches
  6 goblins
  7 hobgoblins
  5 jackals
  7 kobolds
  2 quokkas (D:3)
  6 bats
  4 frilled lizards
  A jackal skeleton (D:4)
  A leopard gecko skeleton (D:4)
  A quokka skeleton (D:4)
  9 rats
75 creatures vanquished.

Vanquished Creatures (collateral kills)
  Edmund (D:4)
  A gnoll (D:4)
  A worm (D:2)
  2 leopard geckos
  3 orcs (D:3)
  2 giant cockroaches
  5 goblins
  2 hobgoblins
  3 jackals
  A quokka (D:3)
  A bat (D:1)
  A frilled lizard (D:1)
  5 kobolds
28 creatures vanquished.

Grand Total: 103 creatures vanquished

Notes
Turn   | Place    | Note
-------+----------+-------------------------------------------
     0 | D:1      | dickylongcocking the Kobold Summoner began the quest for
                  | the Orb.
     0 | D:1      | Reached XP level 1. HP: 10/10 MP: 3/3
    41 | D:1      | Upgraded the game from 0.26-a0-810-ge1a9524b62 to
                  | 0.26-a0-812-g31a745ddcd
   498 | D:1      | Reached XP level 2. HP: 4/15 MP: 0/5
   594 | D:1      | Learned a level 2 spell: Call Imp
  1186 | D:1      | Reached skill level 1 in Short Blades
  1194 | D:1      | Reached skill level 1 in Fighting
  1236 | D:1      | Reached XP level 3. HP: 15/20 MP: 6/6
  1911 | D:2      | Learned a level 3 spell: Call Canine Familiar
  2757 | D:2      | Reached XP level 4. HP: 25/25 MP: 7/7
  3343 | D:3      | Found a shimmering blue altar of Sif Muna.
  3370 | D:3      | Became a worshipper of Sif Muna the Loreminder
  3620 | D:3      | Noticed a centaur
  3637 | D:3      | Killed a centaur
  3637 | D:3      | Reached skill level 5 in Summonings
  3637 | D:3      | Reached XP level 5. HP: 18/31 MP: 5/8
  4018 | D:3      | Found a hazy altar of Hepliaklqana.
  4259 | D:3      | Found a faded altar of an unknown god.
  4291 | D:3      | Found a blossoming altar of Fedhas.
  4462 | D:4      | Noticed a bullfrog
  4475 | D:4      | Gained mutation: Your movements are slightly less
                  | encumbered by armour. (ER -2) [potion of mutation]
  4475 | D:4      | Gained mutation: You expend magic power (3 MP) to
                  | strengthen your wands. [potion of mutation]
  4480 | D:4      | Killed a bullfrog
  4480 | D:4      | Reached * piety under Sif Muna
  4480 | D:4      | Reached XP level 6. HP: 19/37 MP: 9/9
  4742 | D:4      | Noticed Edmund
  4759 | D:4      | Killed Edmund
  4759 | D:4      | Reached XP level 7. HP: 36/42 MP: 7/10
  4880 | D:4      | Reached skill level 1 in Armour
  4964 | D:4      | Found an opulent altar of Gozag.
  5346 | D:4      | Found a hide-covered altar of Uskayaw.
  5407 | D:5      | Entered Level 5 of the Dungeon
  5415 | D:5      | Noticed Pikel
  5418 | D:5      | Paralysed by Pikel for 6 turns
  5423 | D:5      | Slain by a lemure

Illustrated notes

Levels and vault maps discovered:
D:1:      lemuel_arrival_broad_hall, layout_basic,
          hangedman_abyss_or_decor_stabs, minmay_small_reverse_x
D:2:      layout_basic, minmay_close_crescents
D:3:      layout_rooms, fedhas_ov_isle_minmay, nicolae_overflow_crystal_walls,
          overflow_temple_1_default, chequers_ecumenical_altar_island,
          kennysheep_crisscross, minmay_divided_ellipse
D:4:      layout_cave_pools, overflow_temple_1_default,
          nicolae_overflow_hidden_temple, lemuel_doored_altar, uniq_edmund
D:5:      layout_cave_pools, serial_column_ruins, column_ruins_courtyard_long,
          column_ruins_columns_dead_end, column_ruins_open_tiny,
          column_ruins_columns_corner, column_ruins_grid_1, column_ruins_grid_1,
          column_ruins_open_tiny, uniq_grinder, uniq_menkaure, uniq_pikel

Skill      XL: |  1  2  3  4  5  6  7 |
---------------+----------------------+-----
Short Blades   | 1 3 4 |  4.5
Fighting       | 1 2 3 |  3.9
Summonings     | 5 |  5.6
Armour         | 1 |  1.0
Dodging        | |  2.5
Stealth        | |  2.8
Spellcasting   | |  2.4

Action                   |  1- 3 |  4- 6 |  7- 9 || total
-------------------------+-------+-------+-------++-------
Melee: Dagger            |    95 |   161 |    43 ||   299
       Unarmed           |     5 |       |       ||     5
 Cast: Summon Small Mamm |    15 |       |       ||    15
       Call Imp          |    13 |     5 |     3 ||    21
       Call Canine Famil |     4 |     8 |     1 ||    13
  Use: Scroll            |     2 |     1 |       ||     3
       Potion            |       |     8 |     1 ||     9
 Stab: Sleeping          |    14 |    14 |     1 ||    29
       Distracted        |     1 |     2 |     2 ||     5
Armor: Robe              |     9 |    28 |       ||    37
       Skin              |       |    52 |       ||    52
       Ring mail         |       |     2 |    16 ||    18
Dodge: Dodged            |    62 |   107 |    19 ||   188

Table legend: (Time is in decaauts)
 A = Elapsed time spent in this place.
 B = Non-inter-level travel time spent in this place.
 C = Inter-level travel time spent in this place.
 D = Time resting spent in this place.
 E = Time spent auto-exploring this place.
 F = Levels seen in this place.
 G = Mean time per level.
                   A        B        C        D        E       F      G
               +--------+--------+--------+--------+--------+-----+--------+
         Total |   5392 |   5257 |    135 |    267 |   4142 |   5 | 1078.4 |
       Dungeon |   5392 |   5257 |    135 |    267 |   4142 |   5 | 1078.4 |
               +--------+--------+--------+--------+--------+-----+--------+

Top non-repeatable levels by time:
     D:1: 1594 daAuts
     D:3: 1453 daAuts
     D:2: 1295 daAuts
     D:4: 1033 daAuts
     D:5: 15 daAuts
